 Dungeon Crawl Stone Soup version 0.21-a0-94-gdd6ab6a (webtiles) character file.

547 HAL9000 the Vexing (level 7, -2/32 HPs)
             Began as a Vine Stalker Enchanter on July 3, 2017.
             Slain by a centaur (7 damage)
             ... on level 5 of the Dungeon.
             The game lasted 00:08:37 (4884 turns).

HAL9000 the Vexing (Vine Stalker Enchanter)         Turns: 4884, Time: 00:08:38

Health: -2/32      AC:  4    Str: 12    XL:     7   Next: 28%
Magic:  0/11       EV: 12    Int: 15    God:
Gold:   267        SH:  0    Dex: 15    Spells: 4/10 levels left

rFire    . . .     SeeInvis .   a - +1 dagger
rCold    . . .     Gourm    .   (no shield)
rNeg     . . .     Faith    .   b - +0 robe
rPois    .         Spirit   +   (no helmet)
rElec    .         Reflect  .   (no cloak)
rCorr    +         Harm     .   H - +0 pair of gloves {archery}
MR       .....                  j - +0 pair of boots
Stlth    ++........             r - amulet of regeneration
HPRegen  0.90/turn              F - ring of resist corrosion
MPRegen  0.12/turn              (no ring)

@: no status effects
A: fangs 2, regeneration 1, magic shield, antimagic bite, no potion heal 3, rot
immunity
a: no special abilities


You were on level 5 of the Dungeon.
You were very hungry.

You visited 1 branch of the dungeon, and saw 6 of its levels.

You collected 267 gold pieces.

Inventory:

Hand Weapons
 a - a +1 dagger (weapon)
Missiles
 D - 4 javelins (quivered)
 I - a throwing net
Armour
 b - a +0 robe (worn)
 j - a +0 pair of boots (worn)
 H - a +0 pair of gloves of archery (worn)
Jewellery
 r - an amulet of regeneration (around neck)
 A - an uncursed amulet of magic regeneration
 F - a ring of resist corrosion (left hand)
Wands
 y - a wand of paralysis (9/24)
Scrolls
 e - 2 scrolls of magic mapping {unknown}
 h - 2 scrolls of amnesia {unknown}
 i - 4 scrolls of teleportation {unknown}
 m - a scroll of enchant armour {unknown}
 n - 4 scrolls of remove curse {unknown}
 o - 2 scrolls of random uselessness {unknown}
 p - 3 scrolls of enchant weapon {unknown}
 u - a scroll of fear {unknown}
 B - a scroll of recharging {unknown}
 C - 3 scrolls of immolation {unknown}
 K - 2 scrolls of noise {unknown}
 L - a scroll of fog {unknown}
Potions
 q - 3 potions of haste
 s - a potion of flight {unknown}
 v - 2 potions of curing {unknown}
 w - 2 potions of agility
 z - a potion of lignification {unknown}
 E - a potion of might {unknown}
Books
 c - a book of Maledictions

   Spells                             Type                      Level
   a - Corona                         Hexes                        1
   b - Ensorcelled Hibernation        Hexes/Ice                    2
   c - Confuse                        Hexes                        3
   d - Tukima's Dance                 Hexes                        3
   e - Dazzling Spray                 Conjuration/Hexes            3
Comestibles
 d - 3 bread rations
 f - 5 fruits
 G - 2 meat rations


   Skills:
 + Level 4.7 Short Blades
 - Level 1.5 Dodging
 - Level 3.6 Stealth
 - Level 2.1 Spellcasting
 + Level 6.1 Hexes


You had 4 spell levels left.
You knew the following spells:

 Your Spells              Type           Power        Failure   Level  Hunger
a - Corona                Hex            ###....      1%          1    #......
x - Confuse               Hex            ###.....     5%          3    ###....
z - Ensorcelled Hibernat  Hex/Ice        ##....       10%         2    ###....


Dungeon Overview and Level Annotations

Branches:
Dungeon (6/15)
 Temple: D:4-7

Altars:
Ashenzari
Kikubaaqudgha
Sif Muna

Shops:
D:4 *


Innate Abilities, Weirdness & Mutations

You have extremely sharp teeth.
Your natural rate of healing is unusually fast.
When hurt, damage is shared between your health and your magic reserves.
Your bite disrupts and absorbs the magic of your enemies.
Potions cannot restore your health.
You are immune to rotting.


Message History

The iguana looks drowsy...
You are feeling very hungry.
The centaur shoots an arrow.
The arrow barely misses you.
The centaur shoots an arrow.
The arrow hits you!
* * * LOW HITPOINT WARNING * * *
The helpless iguana fails to defend itself.
You impale the iguana!!
You kill the iguana!
The centaur unwields an uncursed shortbow.
The centaur hits you.
* * * LOW HITPOINT WARNING * * *
Unknown command.
Casting: Ensorcelled Hibernation
Confirm with . or Enter, or press ? or * to list all spells.
You don't have enough magic to cast that spell.
Unknown command.
You hit the centaur.
The centaur is lightly wounded.
The centaur hits you!
You die...

.# #. .# ##.###
##.##
......##...###
.............##
#...#........
#....c...##
#....)@...#
..#....(###....#
........# #.# ..
##....#(## .
#....#..## ##
..##. #(..## .#
. ##...#..#### .
#...##....#
#...#..##.#


You could see a centaur.

Vanquished Creatures
  A phantom (D:4)
  An ogre (D:4)
  A jelly (D:5)
  A bullfrog skeleton (D:5)
  An iguana (D:5)
  Natasha (thrice) (D:3)
  2 worker ants
  A hound skeleton (D:4)
  The ghost of 4thArraOfDagon the Sneak, a weakling VSEn (D:5)
  A gnoll (D:1)
  4 adders
  2 worms
  4 dart slugs
  2 leopard geckos (D:1)
  3 orcs
  7 giant cockroaches
  15 goblins
  5 hobgoblins
  9 jackals
  2 quokkas (D:2)
  4 bats
  5 frilled lizards
  4 kobolds
  A leopard gecko skeleton (D:5)
  10 rats
90 creatures vanquished.

Notes
Turn   | Place    | Note
-------+----------+-------------------------------------------
     0 | D:1      | HAL9000 the Vine Stalker Enchanter began the quest for the Orb.
     0 | D:1      | Reached XP level 1. HP: 9/9 MP: 4/4
    21 | D:1      | Reached skill level 1 in Short Blades
   583 | D:1      | Reached XP level 2. HP: 10/13 MP: 6/6
   594 | D:1      | Learned a level 2 spell: Ensorcelled Hibernation
   923 | D:1      | Reached XP level 3. HP: 6/16 MP: 1/7
  1555 | D:2      | Reached skill level 4 in Hexes
  1555 | D:2      | Gained mutation: Your natural rate of healing is unusually fast. [Vine Stalker growth]
  1555 | D:2      | Reached XP level 4. HP: 18/21 MP: 1/8
  1610 | D:2      | Found a deep blue altar of Sif Muna.
  2154 | D:2      | You fall through a shaft!
  2163 | D:3      | Noticed Natasha
  2171 | D:3      | Killed Natasha
  2171 | D:3      | Reached XP level 5. HP: 20/24 MP: 4/9
  2181 | D:3      | Learned a level 3 spell: Confuse
  2466 | D:3      | Noticed Natasha
  2488 | D:3      | Killed Natasha
  2538 | D:3      | Noticed Natasha
  2551 | D:3      | Killed Natasha
  2757 | D:3      | Found a shattered altar of Ashenzari.
  2773 | D:3      | You fall through a shaft for 3 floors!
  2897 | D:5      | Entered Level 5 of the Dungeon
  3103 | D:4      | Noticed an ogre
  3123 | D:4      | Killed an ogre
  3123 | D:4      | Reached skill level 5 in Hexes
  3123 | D:4      | Reached XP level 6. HP: 28/28 MP: 8/10
  3154 | D:4      | Found an ancient bone altar of Kikubaaqudgha.
  3165 | D:4      | Noticed a phantom
  3191 | D:4      | Killed a phantom
  3223 | D:4      | Found Fahox's General Store.
  3458 | D:4      | You fall through a shaft!
  4018 | D:5      | Reached XP level 7. HP: 31/32 MP: 11/11
  4177 | D:5      | Noticed 4thArraOfDagon's ghost (weakling VSEn)
  4225 | D:5      | Reached skill level 6 in Hexes
  4310 | D:5      | Killed 4thArraOfDagon's ghost
  4884 | D:5      | Slain by a centaur

Vault maps used:
D:1:      dpeg_arrival_long_road, hex_large, minmay_crystal_water
D:2:      led_sif_pool, minmay_item_behind_shaft
D:3:      corner_web_ring, evilmike_ruin_ashenzari, uniq_natasha
D:4:      nicolae_overflow_crystal_walls, serial_shops, nicolae_shop_trees,
          feat_on_display
D:5:      first_bread
D:6:      lemuel_doored_altar, lemuel_crystal_altar, gup_sewer_entry_spiral,
          kennysheep_decorative_pillar, minmay_misc_feat_enclosed, st_stairs_5

Skill      XL: |  1  2  3  4  5  6  7 |
---------------+----------------------+-----
Short Blades   | 1 2 3 4 |  4.7
Hexes          | 4 5 6 |  6.1
Dodging        | |  1.5
Stealth        | |  3.6
Spellcasting   | |  2.1

Action                   |  1- 3 |  4- 6 |  7- 9 || total
-------------------------+-------+-------+-------++-------
Melee: Dagger            |   118 |   158 |    53 ||   329
       Bite              |    18 |    44 |    14 ||    76
 Cast: Ensorcelled Hiber |     5 |    16 |     4 ||    25
       Confuse           |       |     2 |       ||     2
  Use: Scroll            |       |       |     4 ||     4
       Potion            |       |       |     1 ||     1
 Stab: Sleeping          |     6 |    14 |     2 ||    22
       Confused          |       |     2 |       ||     2
  Eat: Chunk             |     2 |     9 |     2 ||    13
       Fruit             |       |       |     1 ||     1
Armor: Robe              |    30 |    35 |     8 ||    73
Dodge: Dodged            |    73 |    80 |    28 ||   181
